Unix NetHack Version 5.0.0-0 post-release - last build May  4 2026 22:22:43 (774f63e81ad911689b3a0859ea89b322d5daca8d,branch:main).

Game began 2026-05-05 22:50:08, ended 2026-05-05 23:46:23.

Gregony, neutral male human Barbarian

                                                                      --------
                                                                      |......|
                                         ------                       |......|
                                         |.....#                      |......|
                                         |....|#                      |......|
                                         |....|#                      ------.-
                                         ---|--####                         #
                                           ##     #                      ####
                                           #      ###---------           #
                                           #        #.........#          #
                                           #         |.......|)          #
                                  ---------.-        |.......|#      ----.--
                                  ...........####Z@e |.......|####   |.....|
                                  |.........|        |[(.....|   #   |.`...|
                                  |.......>.|        |.......|   #   |.....|
                                  .........||        ---------   ##  |.....|
                                  -----------                     ###......|
                                                                     ----|--
                                                                         #
Gregony the Pillager       St:18/01 Dx:18 Co:17 In:7 Wi:7 Ch:7  Neutral
Dlvl:5  $:54 HP:0(49) Pw:10(10) AC:5  Xp:4 T:1886 

Latest messages:
 You find a hidden passage.
 There's some graffiti on the floor here.
 You read: "If v?u? ?ho?t kills a plaver  ?t incre?ses you? score."
 This door is locked.
 This door is locked.
 In what direction?
 As you kick the door, it crashes open!
 You see here 25 gold pieces.
 $ - 25 gold pieces (54 in total).
 That door is closed.
 The door opens.
 An orcish dagger misses you.
 You kill the hobgoblin!
 b - an orcish helm.
 You see here an orcish dagger.
 You find a hidden door.
 The door opens.
 You swap places with the peaceful acid blob.
 You miss the gecko.
 You kill the gecko!
 You kill the newt!
 You see here a newt corpse.
 There is a newt corpse here; eat it? [ynq] (n)
 This newt corpse is gamey.
 You finish eating the newt corpse.
 Something is engraved here on the headstone.
 You read: "Out for the night.  Leave a message."
 You can't go up here.
 You miss the floating eye.
 You miss the floating eye.
 You are frozen by the floating eye's gaze!
 The orc zombie hits!
 The orc zombie hits!
 The orc zombie hits!
 The orc zombie hits!
 The orc zombie hits!
 The orc zombie hits!
 The orc zombie hits!
 The orc zombie hits!
 The orc zombie hits!
 The orc zombie hits!
 The orc zombie hits!
 The orc zombie hits!
 The orc zombie hits!
 You die...
 Do you want your possessions identified? [ynq] (y)
 Do you want to see your attributes? [ynq] (y)
 Do you want an account of creatures vanquished? [ynaq] (y)
 Do you want to see your conduct and achievements? [ynq] (y)
 Do you want to see the dungeon overview? [ynq] (y)

Inventory:
 Coins    ('$')
  $ - 54 gold pieces
 Weapons  (')')
  a - a +0 battle-axe (weapon in hands)
 Armor    ('[')
  b - an uncursed +0 orcish helm
  j - a blessed +0 elven mithril-coat (being worn)
 Comestibles  ('%')
  d - 2 uncursed food rations
 Scrolls  ('?')
  l - an uncursed scroll of teleportation
 Potions  ('!')
  f - 2 uncursed potions of blindness
  o - an uncursed potion of hallucination
  e - 5 uncursed potions of healing
  p - a cursed potion of healing
  g - a blessed potion of levitation
 Tools    ('(')
  h - a blessed magic lamp
  q - an uncursed towel

Gregony the Barbarian's attributes:

Background:
 You were a Pillager, a level 4 male human Barbarian.
 You were neutral, nominally on a mission for Crom
 who was opposed by Mitra (lawful) and Set (chaotic).
 You were right-handed.
 You were in the Dungeons of Doom, on level 5.
 You entered the dungeon 1886 turns ago.
 It was nighttime.
 You had 109 experience points, 51 more were needed to attain level 5.

Basics:
 You had 0 out of 49 hit points.
 You had all 10 energy points (spell power).
 Your armor class was 5.
 Your wallet contained 54 zorkmids.
 Autopickup was off.

Final Characteristics:
 Your strength was 18/01 (limit:18/100).
 Your dexterity was 18 (limit:18).
 Your constitution was 17 (limit:18).
 Your intelligence was 7 (limit:18).
 Your wisdom was 7 (limit:18).
 Your charisma was 7 (limit:18).

Final Status:
 You weren't hungry.
 You were unencumbered.
 You were wielding an axe.
 You had basic skill with axe.

Final Attributes:
 You were devoutly aligned.
 You were poison resistant.
 You were guarded.
 You are dead.

Miscellaneous:
 You didn't encounter any bones levels.
 Total elapsed playing time was 26 minutes and 25 seconds.

Major events:
 Turn
    1: Gregony the neutral male human Barbarian entered the dungeon
  924: attained the rank of Pillager (level 3)
 1886: killed by an orc zombie, while frozen by a floating eye's gaze

You didn't know any spells.

Skills:
 Fighting Skills
   bare handed combat [Basic]
   two weapon combat  [Unskilled]
   riding             [Unskilled]
 Weapon Skills
   dagger             [Unskilled]
   axe                [Basic]
   pick-axe           [Unskilled]
   short sword        [Basic]
   broadsword         [Unskilled]
   long sword         [Unskilled]
   two-handed sword   [Unskilled]
   saber              [Unskilled]
   club               [Unskilled]
   mace               [Unskilled]
   morning star       [Unskilled]
   flail              [Unskilled]
   hammer             [Unskilled]
   quarterstaff       [Unskilled]
   spear              [Unskilled]
   trident            [Unskilled]
   bow                [Unskilled]
 Spellcasting Skills
   attack spells      [Unskilled]
   escape spells      [Unskilled]

Voluntary challenges:
 Character rerolling was not enabled.
 You were an atheist.
 You never genocided any monsters.
 You never polymorphed an object.
 You never changed form.
 You used no wishes.
Achievements:
 You entered a shop.
 You attained the rank of Pillager.

 The Dungeons of Doom: levels 1 to 5
    Level 1:
       A fountain.
    Level 2:
       A general store, some fountains, a sink.
    Level 3:
       A general store, a sink.
    Level 4:
    Level 5: <- You were here.
       A grave.
       Final resting place for
          you, killed by an orc zombie, while frozen by a floating eye's gaze.


Vanquished creatures:
  a homunculus
 an orc zombie
  a wererat
 an iguana
  a gas spore
  a hobbit
  2 hobgoblins
  a cave spider
  a green mold
  a red mold
  a gnome zombie
  a gecko
  5 jackals
  a goblin
  a sewer rat
  6 grid bugs
  2 bats
  5 lichens
  a kobold zombie
  4 newts
38 creatures vanquished.

No species were genocided or became extinct.

Game over:
                       ----------
                      /          \
                     /    REST    \
                    /      IN      \
                   /     PEACE      \
                  /                  \
                  |     Gregony      |
                  |      54 Au       |
                  | killed by an orc |
                  |      zombie      |
                  |                  |
                  |                  |
                  |       2026       |
                 *|     *  *  *      | *
        _________)/\\_//(\/(/\)/\//\/|_)_______

Goodbye Gregony the Barbarian...

You died in The Dungeons of Doom on dungeon level 5 with 705 points,
and 54 pieces of gold, after 1886 moves.
You were level 4 with a maximum of 49 hit points when you died.

